Map: Backwater LE

Players

SpeCial

  • Race: Terran Terran
  • Spawn Location: 5:00

Serral - Winner!

  • Race: Zerg Zerg
  • Spawn Location: 11:00

Event: WCS Leipzig 2018

VOD

Have the link to the VOD?

Description

Time

  • Played on: Jan. 28, 2018, 6:51 a.m.
  • Length: 7:23

All games in this series

Show
View Real Time Build Order
Export as new Build Order

SpeCial Terran 

Build Orders: Reaper Expand 

Get SALT Encoding   

  12  0:00  SCV  
  13  0:12  SCV  
  14  0:19  Supply Depot  
  14  0:24  SCV  
  15  0:40  SCV  
  15  0:42  Barracks  
  16  0:44  Refinery  
  16  0:52  SCV  
  17  1:04  SCV  
  18  1:16  SCV  
  19  1:29  Reaper  
  19  1:30  Orbital Command  
  20  1:40  Command Center  
  20  1:53  Supply Depot  
  20  1:55  SCV  
  21  2:01  Marine  
  21  2:07  Factory  
  22  2:08  SCV  
  23  2:15  Refinery  
  23  2:20  SCV  
  23  2:22  Barracks Reactor  
  24  2:33  SCV  
  25  2:45  SCV  
  26  2:52  Starport  
  26  2:54  Orbital Command  
  26  2:57  SCV  
  27  3:04  Hellion x2  
  31  3:09  SCV  
  33  3:20  SCV  
  33  3:21  SCV  
  34  3:30  Viking  
  34  3:32  SCV  
  38  3:34  SCV  
  38  3:35  Fusion Core  
  37  3:44  SCV  
  37  3:47  Command Center  
  38  3:48  SCV  
  39  3:56  SCV, Hellion x2  
  39  3:57  Barracks Tech Lab  
  39  4:00  SCV  
  45  4:03  Starport Tech Lab  
  45  4:08  SCV  
  46  4:15  Supply Depot  
  46  4:19  Liberator  
  46  4:23  SCV x2  
  52  4:27  Advanced Ballistics  
  47  4:32  Hellion  
  47  4:33  Hellion  
  47  4:35  SCV x2  
  56  4:41  Refinery x2  
  56  4:47  SCV x2  
  58  4:58  Hellion  
  58  4:59  Hellion, SCV x2  
  64  5:00  Orbital Command  
  64  5:02  Liberator  
  64  5:11  SCV x2  
  64  5:14  Supply Depot  
  69  5:22  Hellion x2  
  69  5:23  SCV x2  
  69  5:28  SCV  
  75  5:35  SCV x2  
  75  5:39  Armory  
  75  5:40  SCV, Armory  
  78  5:44  Hellion x2  
  78  5:47  SCV x2  
  84  5:52  SCV  
  84  5:56  Factory  
  85  5:59  Factory  
  85  6:02  Supply Depot  
  85  6:05  Supply Depot  
  85  6:07  Liberator  
  85  6:22  SCV x2  
  83  6:28  Cyclone x2  
  83  6:30  SCV  
  39  6:41  SCV  
  39  6:42  SCV  
  40  6:53  SCV  
  37  6:55  SCV  
  27  7:05  SCV  
  27  7:07  SCV  
Show
View Real Time Build Order
Export as new Build Order

Serral Zerg - Winner!

Build Orders: Hatch First 

Get SALT Encoding   

  12  0:00  Drone  
  13  0:12  Overlord  
  13  0:17  Drone  
  14  0:31  Drone x2  
  14  0:35  Drone  
  17  0:51  Hatchery  
  17  0:54  Drone  
  17  0:57  Drone  
  18  1:08  Extractor  
  17  1:11  Spawning Pool  
  17  1:15  Drone  
  17  1:18  Drone  
  18  1:28  Drone  
  19  1:38  Overlord  
  19  1:49  Drone  
  20  1:59  Queen  
  20  2:00  Zergling x2  
  23  2:03  Zergling x2, Queen  
  23  2:08  Metabolic Boost  
  26  2:16  Drone  
  26  2:22  Drone  
  28  2:32  Hatchery  
  28  2:33  Drone  
  28  2:36  Drone  
  28  2:38  Drone  
  28  2:43  Drone  
  30  2:49  Queen  
  32  2:55  Overlord  
  32  2:58  Drone  
  33  2:59  Drone  
  33  3:01  Drone  
  35  3:09  Drone  
  36  3:14  Drone, Overlord  
  36  3:15  Drone x2  
  39  3:23  Zergling x2  
  39  3:24  Zergling x2  
  39  3:25  Queen  
  43  3:29  Zergling x2  
  44  3:35  Lair  
  45  3:41  Drone x3  
  45  3:43  Extractor  
  45  3:46  Zergling x2  
  47  3:50  Overlord  
  47  3:51  Zergling x4  
  47  3:52  Drone  
  47  3:54  Drone  
  47  3:55  Drone  
  52  4:00  Roach Warren  
  50  4:03  Drone x2  
  50  4:05  Drone  
  50  4:07  Drone  
  54  4:10  Extractor  
  54  4:12  Overlord  
  53  4:17  Drone, Overlord  
  53  4:19  Drone  
  53  4:22  Drone x2  
  57  4:29  Overlord  
  57  4:32  Overseer  
  57  4:38  Nydus Network  
  57  4:39  Queen  
  57  4:44  Roach x2  
  62  4:49  Overseer  
  62  4:57  Roach x2  
  65  5:09  Roach x4  
  65  5:13  Overlord  
  73  5:16  Overlord  
  73  5:19  Overlord  
  73  5:22  Overlord  
  73  5:25  Overseer  
  73  5:31  Queen x2  
  73  5:34  Roach  
  73  5:35  Roach x3  
  84  5:40  Roach x3  
  86  5:53  Roach x3  
  89  6:02  Nydus Canal  
  89  6:05  Roach x3  
  89  6:09  Spore Crawler  
  94  6:23  Nydus Canal  
  94  6:25  Roach x2  
  92  6:33  Roach x2  
  92  6:35  Roach  
  92  6:38  Roach  
  95  6:54  Roach x3  
Tags
 
Add a new tag
Caveats
  • Supply blocks, unpowered buildings, or Contaminate may cause inaccurate times.
  • Supply counts are checked every 10 seconds.